1981 views
Uploaded 2022-10-26 01:05:11
Game version 1.33
34:36 long 3on3 ladder game on (6)StranglethornVale
Saved by GIGA
1981 views
Uploaded 2022-10-26 01:05:11
Game version 1.33
34:36 long 3on3 ladder game on (6)StranglethornVale


131 units @ 20.3k
/ 3.3k
87 buildings @ 13.6k
/ 6.3k



| Potion of Healing | 4 | 600 |
| Orb of Corruption | 2 | 750 |
| Sacrificial Skull | 1 | 50 |
| Scroll of Town Portal | 6 | 2100 |
| total: | 13 | 3500g |
| Acolyte | 15 | 1125 | / | 0 |
| Ghoul | 4 | 480 | / | 0 |
| Crypt Fiend | 9 | 1935 | / | 360 |
| Frost Wyrm | 7 | 2695 | / | 840 |
| Gargoyle | 6 | 1050 | / | 180 |
| total: | 41 | 7285g | / | 1380w |
| Nerubian Tower | 6 | 600 | / | 120 |
| Spirit Tower | 3 | 435 | / | 120 |
| Graveyard | 1 | 215 | / | 0 |
| Crypt | 3 | 600 | / | 150 |
| Altar of Darkness | 1 | 180 | / | 50 |
| Ziggurat | 12 | 1800 | / | 600 |
| Tomb of Relics | 2 | 260 | / | 60 |
| Necropolis | 2 | 450 | / | 0 |
| Sacrificial Pit | 1 | 75 | / | 150 |
| Boneyard | 2 | 350 | / | 400 |
| Halls of the Dead | 1 | 320 | / | 210 |
| Black Citadel | 1 | 325 | / | 230 |
| total: | 24 | 3930g | / | 1410w |
| 0:03 | Acolyte |
| 0:03 | Acolyte |
| 0:14 | Graveyard |
| 0:23 | Crypt |
| 0:43 | Altar of Darkness |
| 1:01 | Ziggurat |
| 1:28 | Ghoul |
| 1:32 | Ziggurat |
| 1:53 | Crypt Fiend |
| 2:18 | Crypt Fiend |
| 2:30 | Crypt Fiend |
| 2:49 | Carrion Beetles |
| 3:08 | Ghoul |
| 3:08 | Ghoul |
| 3:28 | Acolyte |
| 3:31 | Ghoul |
| 3:48 | Halls of the Dead |
| 3:59 | Ziggurat |
| 4:42 | Tomb of Relics |
| 4:49 | Spiked Carapace |
| 4:58 | Crypt Fiend |
| 5:03 | Ziggurat |
| 5:25 | Spiked Carapace |
| 5:51 | Nerubian Tower |
| 5:54 | Nerubian Tower |
| 6:42 | Crypt Fiend |
| 6:55 | Acolyte |
| 7:00 | Sacrificial Pit |
| 7:09 | Death Coil |
| 7:11 | Black Citadel |
| 7:23 | Web |
| 7:37 | Creature Carapace |
| 8:20 | Burrow |
| 8:41 | Creature Attack |
| 9:49 | Potion of Healing |
| 9:53 | Scroll of Town Portal |
| 9:57 | Orb of Corruption |
| 10:01 | Potion of Healing |
| 10:14 | Boneyard |
| 10:15 | Boneyard |
| 10:24 | Spirit Tower |
| 11:00 | Ziggurat |
| 11:01 | Ziggurat |
| 11:33 | Freezing Breath |
| 12:05 | Acolyte |
| 12:05 | Acolyte |
| 12:39 | Frost Wyrm |
| 13:30 | Frost Wyrm |
| 13:43 | Acolyte |
| 13:43 | Acolyte |
| 13:54 | Ziggurat |
| 14:13 | Ziggurat |
| 14:31 | Acolyte |
| 14:32 | Acolyte |
| 15:00 | Ziggurat |
| 15:02 | Ziggurat |
| 15:06 | Nerubian Tower |
| 15:33 | Frost Wyrm |
| 15:57 | Spirit Tower |
| 16:08 | Spirit Tower |
| 16:23 | Nerubian Tower |
| 16:37 | Acolyte |
| 17:31 | Gargoyle |
| 17:31 | Gargoyle |
| 17:36 | Crypt |
| 17:57 | Crypt |
| 18:16 | Scroll of Town Portal |
| 18:28 | Unholy Aura |
| 18:47 | Gargoyle |
| 18:48 | Gargoyle |
| 18:48 | Gargoyle |
| 19:31 | Scroll of Town Portal |
| 19:47 | Frost Wyrm |
| 21:16 | Necropolis |
| 21:22 | Frost Wyrm |
| 21:30 | Gargoyle |
| 22:09 | Crypt Fiend |
| 22:14 | Improved Creature Carapace |
| 22:51 | Crypt Fiend |
| 22:56 | Acolyte |
| 22:59 | Acolyte |
| 23:08 | Acolyte |
| 23:13 | Tomb of Relics |
| 23:16 | Ziggurat |
| 24:04 | Frost Wyrm |
| 24:29 | Advanced Creature Carapace |
| 25:14 | Acolyte |
| 25:46 | Nerubian Tower |
| 25:48 | Ziggurat |
| 25:54 | Frost Armor |
| 25:56 | Orb of Corruption |
| 26:30 | Scroll of Town Portal |
| 26:38 | Crypt Fiend |
| 26:43 | Nerubian Tower |
| 27:14 | Frost Wyrm |
| 27:50 | Necropolis |
| 28:30 | Crypt Fiend |
| 31:49 | Carrion Beetles |
| 32:02 | Scroll of Town Portal |
| 32:03 | Sacrificial Skull |
| 33:04 | Scroll of Town Portal |
| 33:05 | Potion of Healing |
| 33:07 | Potion of Healing |
| Right click | 1134 |
| Select | 504 |
| Build/train/purchase | 104 |
| Use ability | 24 |
| Minimap ping | 11 |
| Remove unit | 6 |
| Item give/drop | 2 |


| Scroll of Regeneration | 3 | 300 |
| Potion of Healing | 4 | 600 |
| Dust of Appearance | 1 | 75 |
| Scroll of Town Portal | 4 | 1400 |
| Potion of Lesser Invulnerability | 1 | 150 |
| Boots of Speed | 1 | 250 |
| total: | 14 | 2775g |
| Peasant | 20 | 1500 | / | 0 |
| Footman | 11 | 1485 | / | 0 |
| Dragonhawk Rider | 10 | 2000 | / | 300 |
| Siege Engine | 12 | 2340 | / | 720 |
| Knight | 3 | 735 | / | 180 |
| total: | 56 | 8060g | / | 1200w |
| Scout Tower | 6 | 180 | / | 120 |
| Guard Tower | 5 | 350 | / | 250 |
| Altar of Kings | 1 | 180 | / | 50 |
| Barracks | 1 | 160 | / | 60 |
| Farm | 12 | 960 | / | 240 |
| Lumber Mill | 1 | 120 | / | 0 |
| Arcane Vault | 1 | 130 | / | 30 |
| Town Hall | 4 | 1540 | / | 820 |
| Blacksmith | 1 | 140 | / | 60 |
| Gryphon Aviary | 2 | 280 | / | 300 |
| Workshop | 5 | 700 | / | 700 |
| Keep | 1 | 320 | / | 210 |
| Castle | 1 | 360 | / | 210 |
| total: | 34 | 4390g | / | 2380w |
| 0:02 | Peasant |
| 0:03 | Peasant |
| 0:03 | Peasant |
| 0:07 | Altar of Kings |
| 0:18 | Barracks |
| 0:25 | Farm |
| 0:41 | Peasant |
| 0:56 | Peasant |
| 0:56 | Peasant |
| 1:04 | Farm |
| 1:18 | Peasant |
| 1:29 | Farm |
| 1:38 | Peasant |
| 1:46 | Footman |
| 1:56 | Footman |
| 2:10 | Summon Water Elemental |
| 2:21 | Footman |
| 2:22 | Footman |
| 2:26 | Farm |
| 2:56 | Footman |
| 2:57 | Defend |
| 3:40 | Footman |
| 3:54 | Lumber Mill |
| 4:44 | Keep |
| 4:59 | Arcane Vault |
| 5:10 | Brilliance Aura |
| 5:25 | Town Hall |
| 5:27 | Scout Tower |
| 5:29 | Scout Tower |
| 6:26 | Guard Tower |
| 7:01 | Peasant |
| 7:01 | Peasant |
| 7:01 | Peasant |
| 7:02 | Peasant |
| 7:02 | Peasant |
| 7:09 | Peasant |
| 7:09 | Peasant |
| 7:09 | Peasant |
| 7:09 | Peasant |
| 7:09 | Peasant |
| 7:09 | Peasant |
| 7:11 | Improved Lumber Harvesting |
| 7:40 | Scroll of Regeneration |
| 7:46 | Peasant |
| 8:14 | Advanced Lumber Harvesting |
| 8:37 | Footman |
| 8:37 | Footman |
| 8:37 | Footman |
| 8:37 | Footman |
| 8:37 | Footman |
| 8:41 | Farm |
| 8:42 | Farm |
| 8:43 | Farm |
| 8:46 | Farm |
| 8:50 | Dust of Appearance |
| 8:50 | Potion of Lesser Invulnerability |
| 8:58 | Boots of Speed |
| 9:10 | Breath of Fire |
| 10:19 | Gryphon Aviary |
| 10:25 | Gryphon Aviary |
| 10:47 | Farm |
| 10:48 | Farm |
| 10:50 | Blacksmith |
| 11:44 | Scroll of Regeneration |
| 11:53 | Castle |
| 12:23 | Studded Leather Armor |
| 12:25 | Farm |
| 12:46 | Scroll of Town Portal |
| 12:47 | Potion of Healing |
| 12:47 | Potion of Healing |
| 12:50 | Dragonhawk Rider |
| 12:51 | Dragonhawk Rider |
| 12:51 | Dragonhawk Rider |
| 12:52 | Dragonhawk Rider |
| 12:52 | Dragonhawk Rider |
| 12:52 | Dragonhawk Rider |
| 13:03 | Farm |
| 13:46 | Reinforced Leather Armor |
| 14:16 | Cloud |
| 15:25 | Summon Water Elemental |
| 16:54 | Workshop |
| 16:57 | Workshop |
| 17:04 | Drunken Brawler |
| 17:20 | Scout Tower |
| 17:22 | Scout Tower |
| 17:42 | Improved Masonry |
| 17:52 | Guard Tower |
| 17:53 | Scout Tower |
| 17:55 | Scout Tower |
| 17:57 | Guard Tower |
| 18:05 | Barrage |
| 18:06 | Siege Engine |
| 18:07 | Siege Engine |
| 18:07 | Siege Engine |
| 18:21 | Guard Tower |
| 18:23 | Guard Tower |
| 19:00 | Fragmentation Shards |
| 19:23 | Workshop |
| 19:26 | Workshop |
| 19:29 | Workshop |
| 19:39 | Advanced Masonry |
| 20:18 | Siege Engine |
| 20:18 | Siege Engine |
| 20:24 | Dragonhawk Rider |
| 20:54 | Siege Engine |
| 20:54 | Siege Engine |
| 21:48 | Dragonhawk Rider |
| 22:29 | Siege Engine |
| 22:29 | Siege Engine |
| 25:06 | Siege Engine |
| 25:08 | Siege Engine |
| 25:10 | Dragonhawk Rider |
| 25:11 | Dragonhawk Rider |
| 26:23 | Scroll of Town Portal |
| 26:26 | Iron Plating |
| 26:28 | Black Gunpowder |
| 26:38 | Town Hall |
| 27:32 | Siege Engine |
| 30:20 | Scroll of Regeneration |
| 30:22 | Scroll of Town Portal |
| 30:53 | Knight |
| 30:53 | Knight |
| 30:54 | Knight |
| 31:07 | Town Hall |
| 31:44 | Town Hall |
| 31:53 | Scroll of Town Portal |
| 33:11 | Potion of Healing |
| 33:11 | Potion of Healing |
| Right click | 1340 |
| Select group | 551 |
| Select | 439 |
| Build/train/purchase | 168 |
| Assign group | 110 |
| Use ability | 31 |
| Misc. action | 21 |
| Resource trade | 11 |
| Esc | 9 |
| Item give/drop | 2 |
| Minimap ping | 2 |

| Healing Salve | 3 | 300 |
| Lesser Clarity Potion | 4 | 280 |
| Orb of Lightning | 1 | 375 |
| Scroll of Town Portal | 1 | 350 |
| total: | 9 | 1305g |
| Peon | 16 | 1200 | / | 0 |
| Grunt | 5 | 1000 | / | 0 |
| Tauren | 7 | 1960 | / | 560 |
| Shaman | 6 | 780 | / | 120 |
| total: | 34 | 4940g | / | 680w |
| Watch Tower | 4 | 440 | / | 320 |
| Altar of Storms | 2 | 360 | / | 100 |
| Orc Burrow | 10 | 1600 | / | 400 |
| Barracks | 1 | 180 | / | 50 |
| War Mill | 1 | 205 | / | 0 |
| Voodoo Lounge | 1 | 130 | / | 30 |
| Great Hall | 4 | 1540 | / | 740 |
| Tauren Totem | 2 | 270 | / | 310 |
| Spirit Lodge | 1 | 150 | / | 150 |
| Beastiary | 3 | 435 | / | 420 |
| Stronghold | 2 | 630 | / | 380 |
| Fortress | 1 | 325 | / | 190 |
| total: | 29 | 5310g | / | 2520w |
| 0:06 | Peon |
| 0:07 | Peon |
| 0:12 | Altar of Storms |
| 0:21 | Orc Burrow |
| 0:33 | Barracks |
| 0:42 | Peon |
| 0:43 | Peon |
| 0:54 | Peon |
| 1:03 | Peon |
| 1:31 | War Mill |
| 1:34 | Peon |
| 1:41 | Grunt |
| 1:42 | Grunt |
| 1:55 | Peon |
| 2:18 | Feral Spirit |
| 2:24 | Peon |
| 2:28 | Orc Burrow |
| 2:33 | Voodoo Lounge |
| 3:10 | Stronghold |
| 3:58 | Grunt |
| 4:23 | Steel Armor |
| 4:27 | Orc Burrow |
| 4:55 | Grunt |
| 5:02 | Watch Tower |
| 5:28 | Grunt |
| 5:35 | Fortress |
| 5:37 | Berserker Strength |
| 6:27 | Chain Lighting |
| 6:51 | Tauren Totem |
| 6:55 | Tauren Totem |
| 7:00 | Spirit Lodge |
| 7:19 | Healing Salve |
| 7:19 | Lesser Clarity Potion |
| 8:11 | Peon |
| 8:11 | Peon |
| 8:21 | Orb of Lightning |
| 8:42 | Great Hall |
| 8:48 | Peon |
| 8:48 | Peon |
| 8:50 | Shaman Adept Training |
| 8:54 | Orc Burrow |
| 9:39 | Tauren |
| 10:17 | Shaman Master Training |
| 10:20 | Pulverize |
| 10:51 | Shaman |
| 10:52 | Shaman |
| 10:57 | Orc Burrow |
| 11:16 | Feral Spirit |
| 11:42 | Tauren |
| 11:46 | Shaman |
| 11:49 | Thorium Armor |
| 12:16 | Steel Melee Weapons |
| 12:18 | Tauren |
| 12:39 | Peon |
| 12:40 | Peon |
| 12:40 | Peon |
| 13:00 | Tauren |
| 13:49 | Chain Lighting |
| 14:59 | Tauren |
| 14:59 | Tauren |
| 15:02 | Thorium Melee Weapons |
| 15:03 | Shaman |
| 15:03 | Shaman |
| 15:04 | Shaman |
| 15:07 | Tauren |
| 16:50 | Watch Tower |
| 16:52 | Watch Tower |
| 16:54 | Watch Tower |
| 18:39 | Beastiary |
| 18:42 | Beastiary |
| 18:50 | Beastiary |
| 19:11 | Great Hall |
| 19:31 | Scroll of Town Portal |
| 19:32 | Lesser Clarity Potion |
| 19:35 | Healing Salve |
| 19:59 | Orc Burrow |
| 20:00 | Orc Burrow |
| 20:02 | Orc Burrow |
| 20:07 | Orc Burrow |
| 22:12 | Lesser Clarity Potion |
| 22:16 | Healing Salve |
| 24:40 | Feral Spirit |
| 25:39 | Great Hall |
| 25:47 | Great Hall |
| 26:21 | Orc Burrow |
| 29:24 | Stronghold |
| 30:58 | Lesser Clarity Potion |
| 34:05 | Altar of Storms |
| Right click | 702 |
| Select | 473 |
| Build/train/purchase | 91 |
| Use ability | 43 |
| Chat | 27 |
| Misc. action | 12 |
| Minimap ping | 7 |
| Item give/drop | 3 |
| Remove unit | 1 |
97 units @ 9.7k
/ 1.4k
148 buildings @ 9.8k
/ 5.2k



| Boots of Speed | 4 | 1000 |
| Healing Salve | 1 | 100 |
| Orb of Lightning | 1 | 375 |
| total: | 6 | 1475g |
| Peasant | 18 | 1350 | / | 0 |
| Mortar Team | 4 | 720 | / | 280 |
| Flying Machine | 22 | 2200 | / | 660 |
| total: | 44 | 4270g | / | 940w |
| Scout Tower | 24 | 720 | / | 480 |
| Arcane Tower | 3 | 210 | / | 150 |
| Guard Tower | 9 | 630 | / | 450 |
| Altar of Kings | 1 | 180 | / | 50 |
| Lumber Mill | 1 | 120 | / | 0 |
| Farm | 9 | 720 | / | 180 |
| Town Hall | 1 | 385 | / | 205 |
| Blacksmith | 1 | 140 | / | 60 |
| Workshop | 3 | 420 | / | 420 |
| Keep | 1 | 320 | / | 210 |
| Castle | 1 | 360 | / | 210 |
| total: | 40 | 2685g | / | 1395w |
| 0:02 | Peasant |
| 0:05 | Peasant |
| 0:18 | Altar of Kings |
| 0:20 | Lumber Mill |
| 0:21 | Peasant |
| 0:34 | Farm |
| 0:36 | Peasant |
| 0:49 | Scout Tower |
| 0:50 | Peasant |
| 0:54 | Peasant |
| 0:58 | Farm |
| 1:07 | Peasant |
| 1:17 | Arcane Tower |
| 1:31 | Improved Lumber Harvesting |
| 1:35 | Scout Tower |
| 1:52 | Peasant |
| 1:53 | Peasant |
| 1:57 | Scout Tower |
| 2:03 | Arcane Tower |
| 2:22 | Peasant |
| 2:32 | Storm Bolt |
| 2:37 | Guard Tower |
| 2:38 | Scout Tower |
| 2:39 | Scout Tower |
| 3:05 | Guard Tower |
| 3:07 | Peasant |
| 3:07 | Peasant |
| 3:07 | Peasant |
| 3:09 | Improved Masonry |
| 3:47 | Scout Tower |
| 4:01 | Peasant |
| 4:02 | Peasant |
| 4:05 | Town Hall |
| 4:11 | Scout Tower |
| 4:15 | Guard Tower |
| 4:17 | Scout Tower |
| 4:28 | Peasant |
| 4:37 | Arcane Tower |
| 5:12 | Bash |
| 5:13 | Bash |
| 5:20 | Keep |
| 5:58 | Blacksmith |
| 6:59 | Scout Tower |
| 7:00 | Scout Tower |
| 7:01 | Scout Tower |
| 7:03 | Scout Tower |
| 7:14 | Scout Tower |
| 7:40 | Castle |
| 7:44 | Workshop |
| 7:49 | Guard Tower |
| 7:58 | Workshop |
| 8:08 | Peasant |
| 8:08 | Peasant |
| 8:11 | Workshop |
| 8:16 | Guard Tower |
| 8:19 | Scout Tower |
| 8:22 | Advanced Lumber Harvesting |
| 8:22 | Advanced Masonry |
| 8:29 | Guard Tower |
| 8:38 | Black Gunpowder |
| 8:53 | Guard Tower |
| 9:03 | Flak Cannons |
| 9:03 | Flare |
| 9:12 | Holy Light |
| 9:58 | Mortar Team |
| 10:01 | Fragmentation Shards |
| 10:06 | Flying Machine Bombs |
| 10:07 | Refined Gunpowder |
| 10:10 | Farm |
| 10:11 | Farm |
| 10:12 | Farm |
| 10:12 | Farm |
| 10:13 | Farm |
| 10:14 | Farm |
| 10:14 | Farm |
| 10:58 | Mortar Team |
| 11:42 | Imbued Gunpowder |
| 11:42 | Iron Plating |
| 11:50 | Flying Machine |
| 11:50 | Flying Machine |
| 12:25 | Flying Machine |
| 12:26 | Flying Machine |
| 12:34 | Imbued Masonry |
| 14:32 | Storm Bolt |
| 14:33 | Storm Bolt |
| 14:48 | Flying Machine |
| 14:48 | Flying Machine |
| 14:49 | Flying Machine |
| 14:49 | Flying Machine |
| 14:49 | Flying Machine |
| 14:49 | Flying Machine |
| 14:49 | Flying Machine |
| 14:51 | Steel Plating |
| 15:45 | Flying Machine |
| 15:52 | Scout Tower |
| 15:54 | Scout Tower |
| 15:54 | Scout Tower |
| 15:56 | Scout Tower |
| 15:57 | Scout Tower |
| 15:57 | Scout Tower |
| 16:25 | Healing Salve |
| 16:41 | Mithril Plating |
| 16:51 | Guard Tower |
| 17:01 | Scout Tower |
| 17:02 | Scout Tower |
| 17:05 | Scout Tower |
| 17:06 | Scout Tower |
| 17:39 | Divine Shield |
| 17:47 | Flying Machine |
| 17:47 | Flying Machine |
| 17:48 | Flying Machine |
| 18:29 | Guard Tower |
| 21:39 | Studded Leather Armor |
| 22:33 | Holy Light |
| 22:35 | Divine Shield |
| 22:55 | Flying Machine |
| 22:56 | Flying Machine |
| 22:56 | Flying Machine |
| 22:56 | Flying Machine |
| 22:56 | Flying Machine |
| 22:56 | Flying Machine |
| 22:56 | Flying Machine |
| 26:28 | Boots of Speed |
| 26:28 | Boots of Speed |
| 29:51 | Storm Bolt |
| 29:53 | Divine Shield |
| 30:03 | Boots of Speed |
| 30:04 | Boots of Speed |
| 31:32 | Mortar Team |
| 31:32 | Mortar Team |
| 32:01 | Orb of Lightning |
| 32:27 | Brilliance Aura |
| Right click | 1195 |
| Select group | 516 |
| Select | 374 |
| Misc. action | 147 |
| Build/train/purchase | 104 |
| Use ability | 95 |
| Minimap ping | 14 |
| Assign group | 12 |
| Resource trade | 10 |
| Item give/drop | 3 |
| Esc | 1 |


| Orb of Fire | 1 | 325 |
| total: | 1 | 325g |
| Peasant | 14 | 1050 | / | 0 |
| Dragonhawk Rider | 7 | 1400 | / | 210 |
| Goblin Shredder | 1 | 375 | / | 100 |
| total: | 22 | 2825g | / | 310w |
| Scout Tower | 67 | 2010 | / | 1340 |
| Arcane Tower | 9 | 630 | / | 450 |
| Guard Tower | 15 | 1050 | / | 750 |
| Altar of Kings | 1 | 180 | / | 50 |
| Farm | 9 | 720 | / | 180 |
| Lumber Mill | 2 | 240 | / | 0 |
| Arcane Vault | 1 | 130 | / | 30 |
| Gryphon Aviary | 1 | 140 | / | 150 |
| Arcane Sanctum | 1 | 150 | / | 140 |
| Keep | 1 | 320 | / | 210 |
| Castle | 1 | 360 | / | 210 |
| total: | 82 | 3570g | / | 1890w |
| 0:03 | Peasant |
| 0:03 | Peasant |
| 0:07 | Altar of Kings |
| 0:11 | Farm |
| 0:15 | Farm |
| 0:17 | Peasant |
| 0:25 | Peasant |
| 0:36 | Peasant |
| 0:50 | Peasant |
| 0:57 | Peasant |
| 1:02 | Lumber Mill |
| 1:13 | Scout Tower |
| 1:18 | Farm |
| 1:20 | Peasant |
| 1:31 | Peasant |
| 1:41 | Arcane Tower |
| 1:51 | Peasant |
| 2:00 | Peasant |
| 2:03 | Improved Lumber Harvesting |
| 2:23 | Peasant |
| 2:23 | Peasant |
| 2:24 | Peasant |
| 2:52 | Storm Bolt |
| 3:53 | Scout Tower |
| 3:57 | Scout Tower |
| 4:04 | Keep |
| 4:07 | Scout Tower |
| 4:08 | Scout Tower |
| 4:08 | Scout Tower |
| 4:20 | Improved Masonry |
| 4:27 | Guard Tower |
| 4:30 | Scout Tower |
| 4:31 | Scout Tower |
| 4:31 | Scout Tower |
| 4:35 | Scout Tower |
| 4:35 | Scout Tower |
| 4:36 | Scout Tower |
| 4:37 | Scout Tower |
| 4:39 | Scout Tower |
| 4:39 | Scout Tower |
| 4:40 | Scout Tower |
| 4:41 | Scout Tower |
| 4:48 | Arcane Tower |
| 4:51 | Guard Tower |
| 4:52 | Guard Tower |
| 5:06 | Guard Tower |
| 5:10 | Guard Tower |
| 5:33 | Guard Tower |
| 5:47 | Guard Tower |
| 5:56 | Scout Tower |
| 6:00 | Scout Tower |
| 6:00 | Scout Tower |
| 6:02 | Scout Tower |
| 6:03 | Scout Tower |
| 6:15 | Goblin Shredder |
| 6:40 | Lumber Mill |
| 6:45 | Guard Tower |
| 6:56 | Scout Tower |
| 6:56 | Scout Tower |
| 6:57 | Scout Tower |
| 7:01 | Scout Tower |
| 7:04 | Scout Tower |
| 7:04 | Scout Tower |
| 7:05 | Scout Tower |
| 7:09 | Scout Tower |
| 7:17 | Arcane Tower |
| 7:23 | Farm |
| 8:01 | Castle |
| 8:16 | Advanced Masonry |
| 8:35 | Guard Tower |
| 8:39 | Scout Tower |
| 8:40 | Scout Tower |
| 8:41 | Scout Tower |
| 8:43 | Scout Tower |
| 8:43 | Scout Tower |
| 8:44 | Scout Tower |
| 8:44 | Scout Tower |
| 8:45 | Scout Tower |
| 8:49 | Scout Tower |
| 8:49 | Scout Tower |
| 8:54 | Scout Tower |
| 8:54 | Scout Tower |
| 8:55 | Scout Tower |
| 9:03 | Scout Tower |
| 9:04 | Scout Tower |
| 9:07 | Scout Tower |
| 9:09 | Scout Tower |
| 9:11 | Scout Tower |
| 9:14 | Scout Tower |
| 9:16 | Scout Tower |
| 9:23 | Guard Tower |
| 9:52 | Gryphon Aviary |
| 10:00 | Arcane Vault |
| 10:04 | Guard Tower |
| 10:08 | Arcane Tower |
| 10:15 | Holy Light |
| 10:20 | Guard Tower |
| 10:24 | Arcane Tower |
| 10:42 | Arcane Sanctum |
| 10:49 | Imbued Masonry |
| 10:52 | Arcane Tower |
| 10:54 | Scout Tower |
| 10:58 | Scout Tower |
| 10:59 | Scout Tower |
| 11:01 | Scout Tower |
| 11:32 | Arcane Tower |
| 11:35 | Cloud |
| 11:41 | Farm |
| 11:43 | Farm |
| 12:18 | Dragonhawk Rider |
| 12:28 | Arcane Tower |
| 12:36 | Farm |
| 12:58 | Dragonhawk Rider |
| 13:01 | Arcane Tower |
| 13:47 | Magic Sentry |
| 13:49 | Dragonhawk Rider |
| 14:06 | Scout Tower |
| 14:07 | Scout Tower |
| 14:08 | Scout Tower |
| 15:20 | Sorceress Adept Training |
| 15:32 | Orb of Fire |
| 15:43 | Guard Tower |
| 15:56 | Scout Tower |
| 15:56 | Scout Tower |
| 15:57 | Scout Tower |
| 15:58 | Scout Tower |
| 15:58 | Scout Tower |
| 15:59 | Scout Tower |
| 15:59 | Scout Tower |
| 16:00 | Scout Tower |
| 16:00 | Scout Tower |
| 16:01 | Scout Tower |
| 16:24 | Dragonhawk Rider |
| 25:04 | Bash |
| 25:37 | Farm |
| 25:38 | Farm |
| 26:07 | Bash |
| 26:09 | Holy Light |
| 26:43 | Dragonhawk Rider |
| 26:43 | Dragonhawk Rider |
| 26:43 | Dragonhawk Rider |
| 28:08 | Divine Shield |
| 31:08 | Guard Tower |
| 32:23 | Guard Tower |
| 33:27 | Storm Bolt |
| Right click | 2074 |
| Select group | 1812 |
| Select | 420 |
| Build/train/purchase | 70 |
| Use ability | 68 |
| Resource trade | 30 |
| Assign group | 20 |
| Minimap ping | 16 |
| Chat | 4 |
| Misc. action | 2 |
Cabeelibob
(194)
(34:31) : 
| Lesser Clarity Potion | 14 | 980 |
| Healing Salve | 3 | 300 |
| Orb of Lightning | 1 | 375 |
| Tiny Great Hall | 1 | 600 |
| Potion of Healing | 1 | 150 |
| Potion of Mana | 2 | 400 |
| Boots of Speed | 1 | 250 |
| Staff of Teleportation | 1 | 150 |
| total: | 24 | 3205g |
| Peon | 27 | 2025 | / | 0 |
| Troll Witch Doctor | 4 | 580 | / | 100 |
| total: | 31 | 2605g | / | 100w |
| Watch Tower | 17 | 1870 | / | 1360 |
| Altar of Storms | 1 | 180 | / | 50 |
| Orc Burrow | 2 | 320 | / | 80 |
| War Mill | 2 | 410 | / | 0 |
| Voodoo Lounge | 2 | 260 | / | 60 |
| Great Hall | 1 | 385 | / | 185 |
| Spirit Lodge | 1 | 150 | / | 150 |
| Stronghold | 1 | 315 | / | 190 |
| Fortress | 1 | 325 | / | 190 |
| total: | 26 | 3575g | / | 1885w |
| 0:03 | Altar of Storms |
| 0:06 | Orc Burrow |
| 0:07 | Peon |
| 0:07 | Peon |
| 0:22 | Peon |
| 0:34 | Peon |
| 0:56 | War Mill |
| 1:03 | Peon |
| 1:16 | Peon |
| 1:23 | Peon |
| 1:33 | Orc Burrow |
| 1:35 | Peon |
| 1:43 | Peon |
| 1:57 | Peon |
| 2:10 | Voodoo Lounge |
| 2:13 | Peon |
| 2:20 | Wind Walk |
| 2:36 | Peon |
| 2:36 | Peon |
| 2:42 | Watch Tower |
| 3:04 | Peon |
| 3:46 | Watch Tower |
| 3:54 | Peon |
| 3:54 | Peon |
| 4:01 | Watch Tower |
| 4:05 | Watch Tower |
| 4:10 | Watch Tower |
| 4:11 | Watch Tower |
| 4:12 | Watch Tower |
| 4:17 | Peon |
| 4:37 | Boots of Speed |
| 4:42 | Staff of Teleportation |
| 4:53 | Peon |
| 5:09 | Lesser Clarity Potion |
| 5:14 | Lesser Clarity Potion |
| 5:47 | Great Hall |
| 6:21 | Critical Strike |
| 7:05 | Voodoo Lounge |
| 7:16 | Watch Tower |
| 7:16 | Watch Tower |
| 7:20 | Watch Tower |
| 7:37 | Healing Salve |
| 8:50 | Stronghold |
| 9:25 | Lesser Clarity Potion |
| 9:38 | Lesser Clarity Potion |
| 9:44 | Watch Tower |
| 9:45 | Watch Tower |
| 9:47 | Watch Tower |
| 9:58 | Watch Tower |
| 10:50 | Lesser Clarity Potion |
| 11:42 | Watch Tower |
| 11:43 | Watch Tower |
| 11:44 | Watch Tower |
| 11:47 | Fortress |
| 11:48 | Reinforced Defenses |
| 11:52 | Lesser Clarity Potion |
| 11:55 | Spiked Barricades |
| 11:58 | Lesser Clarity Potion |
| 12:57 | Spirit Lodge |
| 13:33 | Healing Salve |
| 15:00 | War Mill |
| 15:02 | Witch Doctor Adept Training |
| 15:09 | Lesser Clarity Potion |
| 15:11 | Orb of Lightning |
| 16:03 | Witch Doctor Master Training |
| 16:04 | Troll Witch Doctor |
| 16:04 | Troll Witch Doctor |
| 16:04 | Troll Witch Doctor |
| 16:04 | Troll Witch Doctor |
| 16:11 | Lesser Clarity Potion |
| 18:37 | Wind Walk |
| 19:38 | Lesser Clarity Potion |
| 19:40 | Healing Salve |
| 21:13 | Critical Strike |
| 21:22 | Improved Spiked Barricades |
| 22:03 | Lesser Clarity Potion |
| 22:11 | Tiny Great Hall |
| 23:51 | Peon |
| 23:51 | Peon |
| 23:51 | Peon |
| 23:51 | Peon |
| 23:52 | Peon |
| 24:44 | Lesser Clarity Potion |
| 24:48 | Potion of Healing |
| 24:51 | Potion of Mana |
| 25:17 | Critical Strike |
| 27:09 | Peon |
| 27:09 | Peon |
| 27:09 | Peon |
| 27:09 | Peon |
| 29:11 | Bladestorm |
| 29:26 | Potion of Mana |
| 29:28 | Lesser Clarity Potion |
| 30:07 | Lesser Clarity Potion |
| Right click | 1577 |
| Select | 174 |
| Misc. action | 148 |
| Build/train/purchase | 137 |
| Select group | 133 |
| Resource trade | 65 |
| Use ability | 18 |
| Minimap ping | 6 |
| Item give/drop | 2 |
| Remove unit | 2 |
| Assign group | 1 |
⇛